 Dungeon Crawl Stone Soup version 0.32-a0-868-g153ae1a8d6 (webtiles) character file.

Game seed: 11312549170969592616

12279 runemasterragnar the Skirmisher (level 11, -9/83 HPs)
             Began as a Coglin Hunter on Mar 28, 2024.
             Was a High Priest of Okawaru.
             Mangled by a two-headed ogre
             ... wielding a +0 giant spiked club
              (23 damage)
             ... on level 9 of the Dungeon.
             The game lasted 00:22:57 (11005 turns).

runemasterragnar the Skirmisher (Coglin Hunter)    Turns: 11005, Time: 00:22:57

Health: -9/83      AC:  4    Str: 14    XL:     11   Next: 90%
Magic:  15/16      EV: 13    Int:  9    God:    Okawaru [*****.]
Gold:   438        SH:  0    Dex: 19    Spells: 11/16 levels left

rFire   . . .        a - +2 sling (heavy) {Eunkyung}
rCold   . . .        d - +0 sling {Jingyi}
rNeg    . . .        c - +0 leather armour
rPois   .            (no helmet)
rElec   .            x - +0 cloak
rCorr   .            (no gloves)
SInv    .            (no boots)
Will    .....        (amulet unavailable)
Stlth   +++          (ring unavailable)
HPRegen 0.33/turn    (ring unavailable)
MPRegen 0.15/turn    (no gizmo)

%: no passive effects
@: revved
A: off-hand wielding, slow wielding, warmup strikes, no jewellery
a: Invent Gizmo, Renounce Religion, Heroism, Finesse, Duel


You were on level 9 of the Dungeon.
You worshipped Okawaru.
Okawaru was extremely pleased with you.
You visited 1 branch of the dungeon, and saw 9 of its levels.
You also visited: Bailey.

You collected 634 gold pieces.
You spent 196 gold pieces at shops.

Inventory:

Hand Weapons
 a - a +2 heavy sling (weapon) {Eunkyung}
 d - a +0 sling (offhand) {Jingyi}
Missiles
 o - 4 curare-tipped darts
Armour
 c - a +0 leather armour (worn)
 k - +0 acid dragon scales
 x - a +0 cloak (worn)
Wands
 p - a wand of iceblast (16)
 q - a wand of polymorph (6)
 s - a wand of flame (38)
 u - a wand of paralysis (2)
Scrolls
 b - a scroll of butterflies
 h - a scroll of teleportation
 l - a scroll of revelation
 n - 2 scrolls of noise
 r - 2 scrolls of fog
 w - a scroll of amnesia
 y - a scroll of enchant weapon {unknown}
Potions
 e - 3 potions of magic
 f - a potion of resistance {unknown}
 g - 3 potions of mutation {unknown}
 i - 3 potions of enlightenment
 j - a potion of cancellation
 t - 3 potions of degeneration
 v - a potion of might {unknown}
 z - 2 potions of invisibility {unknown}
 A - a potion of lignification {unknown}
 B - a potion of brilliance {unknown}


   Skills:
 + Level 6.8 Fighting
 * Level 9.2 Ranged Weapons
 - Level 5.3 Dodging
 - Level 4.9 Stealth
 - Level 3.4 Spellcasting
 - Level 6.1 Necromancy
 - Level 6.2 Translocations
 + Level 5.0 Invocations
 + Level 6.8 Evocations


You had 11 spell levels left.
You knew the following spells:

 Your Spells              Type           Power      Damage    Failure   Level
a - Blink                 Tloc           24%        N/A       4%          2
b - Fugue of the Fallen   Necr           12%        N/A       9%          3

Your spell library contained the following spells:

 Spells                   Type           Power      Damage    Failure   Level
 Lesser Beckoning         Tloc           24%        N/A       4%          2
 Momentum Strike          Conj/Tloc      14%        3d8       16%         2
 Passage of Golubria      Tloc           12%        N/A       28%         4
 Shock                    Conj/Air       4%         1d3       36%         1
 Ozocubu's Armour         Ice            1%         N/A       73%         3
 Swiftness                Air            1%         N/A       73%         3
 Airstrike                Air            0%         2d(1-17)  98%         4
 Dispersal                Tloc           6%         N/A       99%         6
 Gell's Gavotte           Tloc           6%         2d(14-20) 99%         6
 Lee's Rapid Deconstruct  Erth           0%         3d4*      100%        5
 Yara's Violent Unravell  Hex/Alch       0%         3d3       100%        5
 Manifold Assault         Tloc           6%         N/A       100%        7
 Disjunction              Tloc           6%         N/A       100%        8
 Tukima's Dance           Hex            Unusable   N/A       N/A         3
 Animate Armour           Summ/Erth      Unusable   N/A       N/A         4
 Summon Lightning Spire   Summ/Air       Unusable   N/A       N/A         4

Dungeon Overview and Level Annotations

Branches:
Dungeon (9/15)             Temple (0/1) D:7            Lair (0/5) D:9
 Bailey (visited)
    Orc: D:9-12

Altars:
Dithmenos
Makhleb
Nemelex Xobeh
Okawaru
Ru
Trog
Vehumet
Xom
Yredelemnul

Shops:
D:1 *

Annotations:
D:3 2 transporters, seawaffle's ghost, weakling MiFi
D:6 2 transporters


Innate Abilities, Weirdness & Mutations

You can wield a second weapon in your off-hand.
It takes a long time for you to wield or remove held weapons.
Your first few attacks do less damage.
You cannot equip rings or amulets.


Message History

The two-headed ogre is moderately wounded.
The two-headed ogre barely misses you. The two-headed ogre closely misses you.
You shoot a sling bullet.
The sling bullet barely misses the two-headed ogre.
You shoot a sling bullet.
The sling bullet closely misses the two-headed ogre.
The two-headed ogre closely misses you. x2
Unknown command.
You shoot a sling bullet.
The sling bullet hits the two-headed ogre!
The two-headed ogre is heavily wounded.
You shoot a sling bullet.
The sling bullet barely misses the two-headed ogre.
The two-headed ogre barely misses you. The two-headed ogre misses you.
Unknown command.
You shoot a sling bullet.
The sling bullet hits the two-headed ogre!
The two-headed ogre is heavily wounded.
You shoot a sling bullet.
The sling bullet hits the two-headed ogre!
The two-headed ogre is severely wounded.
Unknown command.
You shoot a sling bullet.
The sling bullet hits the two-headed ogre.
The two-headed ogre is almost dead.
You shoot a sling bullet.
The sling bullet hits the two-headed ogre.
The two-headed ogre is almost dead.
The two-headed ogre completely misses you.
The two-headed ogre hits you with a +0 giant club!!
You shoot a sling bullet.
The sling bullet hits the two-headed ogre but does no damage.
The two-headed ogre is almost dead.
You shoot a sling bullet.
The sling bullet barely misses the two-headed ogre.
You feel ready to blink again.
The two-headed ogre hits you with a +0 giant spiked club!!
* * * LOW HITPOINT WARNING * * *
The two-headed ogre hits you with a +0 giant club!!
You die...

### ### #.# #.######
#.####....... #....#.###...
############..........##
.......@........#.#..###
##....O.......##........
#..###'####...'........
#######.#ß...#..ß#.##........
#.....#.#...#....#.#.......#.
#.....#.#....#...#.#.........
#.......'.#.#[#.##.#.....#...
#.......##.#.#.#.'.#........#
#.......#...#....#......###.#


You could see a two-headed ogre.

Vanquished Creatures
  2 vault guards (Bailey)
  Erica (D:8)
  A two-headed ogre (D:9)
  A death yak (D:9)
  A cyclops (D:7)
  Jeremiah (D:7)
  A komodo dragon (D:9)
  Prince Ribbit (Bailey)
  Sigmund (D:6)
  A shadow (D:9)
  A wyvern (D:8)
  11 yaks
  8 humans (Bailey)
  2 basilisks (D:9)
  A steam dragon (D:8)
  Edmund (D:4)
  An acid dragon (D:9)
  A water moccasin (D:8)
  2 orc warriors (D:9)
  2 sky beasts
  2 ice beasts
  An ogre (D:6)
  A centaur (D:8)
  2 kobold brigands
  2 phantoms
  11 bullfrogs
  5 scorpions
  13 wights
  6 killer bees (D:8)
  4 howler monkeys
  4 bombardier beetles
  A crimson imp (D:4)
  A centaur zombie (D:5)
  2 jellies
  4 orc priests
  A gnoll bouda (D:9)
  2 hounds
  A centaur skeleton (D:5)
  Jessica (D:3)
  7 iguanas
  6 orc wizards
  Natasha (twice) (D:2)
  2 hound zombies (D:5)
  A hound skeleton (D:5)
  A howler monkey zombie (D:5)
  9 adders
  11 gnolls
  A shadow imp (D:7)
  3 white imps
  An adder zombie (D:5)
  2 dart slugs (D:1)
  2 ribbon worms
  38 orcs
  5 endoplasms
  5 giant cockroaches
  22 goblins
  16 hobgoblins
  8 jackals
  20 kobolds
  3 quokkas
  7 ball pythons
  3 bats
  7 frilled lizards
  10 rats
  A spectral hobgoblin (D:2)
298 creatures vanquished.

Notes
Turn   | Place    | Note
-------+----------+-------------------------------------------
     0 | D:1      | runemasterragnar the Coglin Hunter began the quest for the
                  | Orb.
     0 | D:1      | Reached XP level 1. HP: 16/16 MP: 1/1
    63 | D:1      | Reached skill level 1 in Stealth
    64 | D:1      | Found Maunk's General Store.
    90 | D:1      | Reached XP level 2. HP: 22/22 MP: 2/2
   222 | D:1      | Reached skill level 4 in Ranged Weapons
   222 | D:1      | Reached XP level 3. HP: 27/27 MP: 3/3
   567 | D:2      | Noticed Natasha
   574 | D:2      | Killed Natasha
   575 | D:2      | Reached XP level 4. HP: 6/34 MP: 4/4
   803 | D:2      | Found a faded altar of an unknown god.
   817 | D:2      | Prayed at the altar of an unknown god.
   817 | D:2      | Became a worshipper of Warmaster Okawaru
   817 | D:2      | Reached * piety under Okawaru
  1134 | D:2      | Found a sacrificial altar of Ru.
  1379 | D:2      | Noticed Natasha
  1444 | D:2      | Killed Natasha
  1496 | D:2      | Reached XP level 5. HP: 39/39 MP: 5/5
  1650 | D:3      | Reached skill level 1 in Invocations
  1706 | D:3      | Found a shadowy altar of Dithmenos.
  1727 | D:3      | Reached ** piety under Okawaru
  1783 | D:3      | Learned a level 2 spell: Blink
  1796 | D:3      | Noticed Jessica
  1799 | D:3      | Killed Jessica
  1800 | D:3      | Reached XP level 6. HP: 47/47 MP: 6/6
  1878 | D:3      | Found a transporter.
  1882 | D:3      | Noticed seawaffle's ghost (weakling MiFi)
  1883 | D:3      | Found a transporter.
  2523 | D:4      | Found a basalt altar of Yredelemnul.
  2580 | D:4      | Reached skill level 5 in Ranged Weapons
  2621 | D:4      | Found a bloodstained altar of Trog.
  2623 | D:4      | Noticed Edmund
  2761 | D:5      | Entered Level 5 of the Dungeon
  2898 | D:5      | Reached XP level 7. HP: 52/52 MP: 8/8
  3979 | D:5      | Found a radiant altar of Vehumet.
  4278 | D:6      | Noticed a yak
  4279 | D:6      | Noticed a yak
  4302 | D:5      | Reached XP level 8. HP: 7/60 MP: 9/9
  4542 | D:4      | Reached skill level 6 in Ranged Weapons
  4604 | D:1      | Bought a scroll of identify for 28 gold pieces
  4604 | D:1      | Bought a scroll of identify for 28 gold pieces
  4604 | D:1      | Bought a scroll of identify for 28 gold pieces
  4608 | D:1      | Bought a potion of heal wounds for 70 gold pieces
  4608 | D:1      | Bought a potion of curing for 42 gold pieces
  4712 | D:6      | Noticed a yak
  4712 | D:6      | Noticed a yak
  4712 | D:6      | Noticed a yak
  4712 | D:6      | Noticed a yak
  4727 | D:6      | Found a transporter.
  4732 | D:6      | Noticed a kobold demonologist
  4823 | D:6      | Reached skill level 1 in Evocations
  4899 | D:6      | Reached *** piety under Okawaru
  4904 | D:6      | Found a transporter.
  5204 | D:6      | Killed a yak
  5208 | D:6      | Killed a yak
  5208 | D:6      | Reached **** piety under Okawaru
  5209 | D:6      | Reached XP level 9. HP: 61/67 MP: 11/11
  5212 | D:6      | Reached skill level 5 in Fighting
  5212 | D:6      | Reached skill level 7 in Ranged Weapons
  5291 | D:6      | Noticed a kobold demonologist
  5376 | D:6      | Noticed Sigmund
  5383 | D:6      | Killed Sigmund
  5526 | D:6      | Learned a level 3 spell: Fugue of the Fallen
  5547 | D:7      | Found a staircase to the Ecumenical Temple.
  5596 | D:7      | Found a sparkling altar of Nemelex Xobeh.
  5708 | D:7      | Noticed a cyclops
  5718 | D:7      | Killed a cyclops
  5822 | D:7      | Noticed Jeremiah
  5851 | D:7      | Killed Jeremiah
  5851 | D:7      | Reached ***** piety under Okawaru
  5852 | D:7      | Reached skill level 5 in Dodging
  6174 | D:7      | Reached skill level 5 in Evocations
  6174 | D:7      | Reached XP level 10. HP: 64/76 MP: 13/13
  6178 | D:7      | Reached skill level 8 in Ranged Weapons
  6395 | D:7      | Noticed a two-headed ogre
  6395 | D:7      | Noticed a kobold demonologist
  6483 | D:4      | Killed Edmund
  6591 | D:4      | Found a burning altar of Makhleb.
  6591 | D:4      | Found a shimmering altar of Xom.
  6822 | D:8      | Reached skill level 1 in Necromancy
  6822 | D:8      | Reached skill level 1 in Translocations
  6937 | D:8      | Reached skill level 1 in Spellcasting
  6948 | D:8      | Found a flagged portal.
  6968 | Bailey   | Entered a bailey
  7689 | Bailey   | Noticed Prince Ribbit
  7690 | Bailey   | Noticed a vault guard
  7695 | Bailey   | Killed Prince Ribbit
  7695 | Bailey   | Received a gift from Okawaru
  7710 | Bailey   | Killed a vault guard
  7719 | Bailey   | Noticed a vault guard
  7735 | Bailey   | Killed a vault guard
  7736 | Bailey   | Reached skill level 5 in Necromancy
  7736 | Bailey   | Reached skill level 5 in Translocations
  7736 | Bailey   | Reached XP level 11. HP: 31/81 MP: 8/15
  8844 | D:8      | Noticed Erica
  8865 | D:8      | Killed Erica
  9581 | D:9      | Noticed a two-headed ogre
  9843 | D:9      | Found a staircase to the Lair.
  9845 | D:9      | Noticed a death yak
  9898 | D:9      | Received a gift from Okawaru
 10247 | D:9      | Killed a death yak
 10572 | D:9      | Noticed a two-headed ogre
 10581 | D:9      | Killed a two-headed ogre
 10582 | D:9      | Reached skill level 9 in Ranged Weapons
 10857 | D:9      | Reached skill level 5 in Invocations
 11005 | D:9      | Mangled by a two-headed ogre

Illustrated notes

Levels and vault maps discovered:
D:1:      wander_arrival_desolate, layout_rooms, serial_shops,
          nicolae_shop_advertising_works [nicolae_subvault_shop_adworks],
          minmay_indecisive_spiral
D:2:      layout_rooms, basic_altar, serial_co_window_serial, co_window_paths_b,
          co_window_paths_b, co_window_of_opportunity_a, co_window_paths_a,
          co_window_paths_b, co_window_paths_a, co_window_paths_c,
          co_window_broadway_c, co_window_of_opportunity_b,
          co_window_broadway_b, co_window_unsneaky_path_d,
          co_window_of_opportunity_c, glass_columns_b,
          dreamdust_ecumenical_altar_drowned_temple, uniq_natasha
D:3:      layout_rooms, nicolae_dithmenos_through_a_glass_darkly,
          gammafunk_ghost_mausoleum, uniq_jessica
D:4:      layout_gridville, grunt_temple_overflow_champion_of_chaos,
          mainiacjoe_overflow_cross_hatched, mainiacjoe_overflow_tiny_flanked,
          uniq_edmund
D:5:      layout_rooms, nicolae_vehumet_radiance, serial_undead,
          serial_undead_e, serial_undead_c, serial_undead_f, serial_undead_b,
          serial_undead_e
D:6:      gammafunk_wand_slinger, layout_cave_pools, uniq_sigmund
D:7:      minmay_the_grid_octo_2x2 [minmay_the_grid_octo_fan_narrow,
          minmay_the_grid_octo_toaster, minmay_the_grid_octo_clover,
          minmay_the_grid_octo_prize_big_c], layout_basic,
          nemelex_spade_bored_becter, minmay_temple_entry_sparse_star,
          nicolae_shop_sticking_my_neck_out, uniq_jeremiah
D:8:      corexii_shantytown, layout_basic, enter_bailey_5,
          kennysheep_generic_room_2, uniq_erica
D:9:      layout_basic, dpeg_lair_monsters, minivault_1,
          minmay_fractal_squares_5

Skill      XL: |  1  2  3  4  5  6  7  8  9 10 11 |
---------------+----------------------------------+-----
Stealth        | 1 2 3 4 |  4.9
Dodging        | 2 3 4 5 |  5.3
Ranged Weapons | 4 5 6 7 8 9 |  9.2
Invocations    | 1 2 3 4 5 |  5.0
Fighting       | 3 4 5 6 |  6.8
Evocations     | 3 5 6 |  6.8
Necromancy     | 5 6 |  6.1
Translocations | 5 6 |  6.2
Spellcasting   | 2 3 |  3.4

Action                     |  1- 3 |  4- 6 |  7- 9 | 10-12 || total
---------------------------+-------+-------+-------+-------++-------
   Fire: Sling             |   118 |   318 |   554 |   822 ||  1812
   Cast: Blink             |       |       |       |     3 ||     3
         Fugue of the Fall |       |       |       |     3 ||     3
 Invoke: Heroism           |       |       |     2 |     7 ||     9
         Finesse           |       |       |       |     4 ||     4
  Evoke: Wand              |       |       |     3 |    15 ||    18
    Use: Scroll            |       |       |    14 |     8 ||    22
         Potion            |       |       |     4 |     2 ||     6
 Armour: Leather armour    |     6 |    46 |    99 |   157 ||   308
  Dodge: Dodged            |    10 |    41 |    84 |   162 ||   297

Table legend: (Time is in decaauts)
 A = Elapsed time spent in this place.
 B = Non-inter-level travel time spent in this place.
 C = Inter-level travel time spent in this place.
 D = Time resting spent in this place.
 E = Time spent auto-exploring this place.
 F = Levels seen in this place.
 G = Mean time per level.
                   A        B        C        D        E       F      G
               +--------+--------+--------+--------+--------+-----+--------+
         Total |  11199 |  10502 |    697 |   2967 |   5207 |  10 | 1119.9 |
       Dungeon |   9640 |   8943 |    697 |   1865 |   4971 |   9 | 1071.1 |
        Bailey |   1558 |   1558 |      0 |   1102 |    236 |   1 | 1558.0 |
               +--------+--------+--------+--------+--------+-----+--------+

Top non-repeatable levels by time:
  Bailey: 1558 daAuts
     D:9: 1425 daAuts
     D:8: 1281 daAuts
     D:5: 1244 daAuts
     D:2: 1186 daAuts
     D:4: 1054 daAuts
     D:3: 975 daAuts
     D:7: 972 daAuts
     D:6: 897 daAuts
     D:1: 603 daAuts
